 Dungeon Crawl Stone Soup version 0.26.1-11-gd32895ea62 (webtiles) character file.

Game seed: 13892142621016632506

65 growler the Gusty (level 4, -3/24 HPs)
             Began as a Tengu Air Elementalist on May 21, 2021.
             Killed from afar by an orc wizard (7 damage)
             ... with a puff of flame
             ... on level 2 of the Dungeon.
             The game lasted 00:05:39 (2071 turns).

growler the Gusty (Tengu Air Elementalist)          Turns: 2071, Time: 00:05:39

Health: -3/24      AC:  3    Str:  9    XL:     4   Next: 13%
Magic:  0/9        EV: 12    Int: 16    God:
Gold:   57         SH:  0    Dex: 14    Spells: 2/8 levels left

rFire    . . .     SeeInvis .   e - +0 dagger
rCold    . . .     Faith    .   (no shield)
rNeg     . . .     Spirit   .   a - +0 robe
rPois    .         Reflect  .   (helmet restricted)
rElec    .         Harm     .   h - +0 cloak
rCorr    .         Rampage  .   (no gloves)
Will     .....                  (boots unavailable)
Stlth    ++........             (no amulet)
HPRegen  0.08/turn              (no ring)
MPRegen  0.11/turn              (no ring)

@: no status effects
A: beak, talons 3
a: no special abilities


You were on level 2 of the Dungeon.
You visited 1 branch of the dungeon, and saw 2 of its levels.

You collected 57 gold pieces.

Inventory:

Hand Weapons
 e - a +0 dagger (weapon)
   (You took it off a goblin on level 1 of the Dungeon)
Armour
 a - a +0 robe (worn)
 h - a +0 cloak (worn)
   (You found it on level 2 of the Dungeon)
Scrolls
 b - 2 scrolls of identify {unknown}
 c - 2 scrolls of remove curse {unknown}
 f - a scroll of fear {unknown}
Potions
 d - a potion of flight {unknown}
 g - a potion of curing {unknown}


   Skills:
 - Level 2.1 Dodging
 - Level 2.0 Stealth
 + Level 2.8 Spellcasting
 + Level 3.1 Conjurations
 + Level 4.9 Air Magic


You had 2 spell levels left.
You knew the following spells:

 Your Spells              Type           Power        Failure   Level
a - Shock                 Conj/Air       60%          3%          1
d - Static Discharge      Conj/Air       15%          11%         3
s - Swiftness             Air            18%          3%          2

Your spell library contained the following spells:

 Spells                   Type           Power        Failure   Level
 Airstrike                Air            9%           24%         4
 Lightning Bolt           Conj/Air       7%           71%         5


Dungeon Overview and Level Annotations

Branches:
Dungeon (2/15)

Altars:


Innate Abilities, Weirdness & Mutations

You have a beak for a mouth.
You have claws for feet.


Message History

You hear some strange, mumbled words.
You are confused.
A magic dart appears from out of thin air!
The magic dart hits you.
* * * LOW HITPOINT WARNING * * *
You're too confused to move!
You feel less confused.
A quokka comes into view.
The orc wizard casts a spell.
The orc wizard blinks!
The quokka barely misses you.
The orc wizard hits you but does no damage.
The orc wizard mumbles some strange words.
The orc wizard blinks!
The quokka misses you.
The orc wizard mumbles some strange words.
The orc wizard blinks!
The quokka barely misses you. The quokka bites you.
* * * LOW HITPOINT WARNING * * *
There is a large open door here.
There is a large open door here.
Aim: an orc wizard, wielding a +0 dagger and wearing a +0 robe (severely wounded, fast, 36% to evade)
The zap misses the quokka.
The zap hits something but does no damage.
The zap hits the orc wizard.
The orc wizard mumbles some strange words.
The orc wizard blinks!
The quokka closely misses you. The quokka barely misses you.
There is a stone staircase leading down here.
The quokka closely misses you.
Aim: an orc, wielding a +0 hand axe and wearing a +0 leather armour (heavily wounded, 29% to evade)
The zap hits the quokka.
The zap hits something.
The zap hits the orc.
The quokka closely misses you. The quokka barely misses you.
There is an open door here.
The quokka bites you but does no damage.
Aim: an orc, wielding a +0 hand axe and wearing a +0 leather armour (almost dead, 29% to evade)
The zap hits the quokka.
The zap hits something.
The zap hits the orc.
You kill the orc!
The quokka bites you.
* * * LOW HITPOINT WARNING * * *
An orc wizard appears from thin air!
Reactivating autopickup.
The quokka barely misses you.
Aim: an orc wizard, wielding a +0 dagger and wearing a +0 robe (severely wounded, 36% to evade)
The zap hits the quokka.
You kill the quokka!
The zap hits the orc wizard. x2
The orc wizard casts a spell at you. The puff of flame hits you!
You die...

#..>..(..+ #........#
###o###### #.# #.# #.# ###.#
#...#########################
#...)....o...o..@...........#
#...#######################.#
#...###........... #.#
#...##[.....#...#.# #.#
#...##......#...#.# #.#
#...##......#...#.#### #.#
#...###+#.†..........# #.#
#.......#.###...##...######.#
##.....(#.# ###..'...+....#.#


You could see 2 orc wizards.

Vanquished Creatures
  An adder (D:2)
  An ooze (D:1)
  A worm (D:2)
  A dart slug (D:1)
  A leopard gecko (D:1)
  3 orcs (D:2)
  3 giant cockroaches
  7 goblins
  6 hobgoblins
  4 kobolds
  2 quokkas (D:2)
  5 bats
  A frilled lizard (D:2)
  3 rats
39 creatures vanquished.

Notes
Turn   | Place    | Note
-------+----------+-------------------------------------------
     0 | D:1      | growler the Tengu Air Elementalist began the quest for the
                  | Orb.
     0 | D:1      | Reached XP level 1. HP: 10/10 MP: 4/4
   169 | D:1      | Reached XP level 2. HP: 15/15 MP: 3/6
   172 | D:1      | Learned a level 2 spell: Swiftness
  1173 | D:1      | Reached XP level 3. HP: 19/19 MP: 2/7
  1301 | D:1      | Learned a level 3 spell: Static Discharge
  2009 | D:2      | Reached XP level 4. HP: 24/24 MP: 5/9
  2071 | D:2      | Killed from afar by an orc wizard

Illustrated notes

Levels and vault maps discovered:
D:1:      matt_arrival_spirals, layout_basic, minivault_27,
          minmay_misc_feat_cross
D:2:      layout_basic

Skill      XL: |  1  2  3 |
---------------+----------+-----
Conjurations   | 2 3 |  3.1
Dodging        | |  2.1
Stealth        | |  2.0
Spellcasting   | |  2.8
Air Magic      | |  4.9

Action                   |  1- 3 |  4- 6 || total
-------------------------+-------+-------++-------
Melee: Unarmed           |    10 |       ||    10
       Dagger            |     4 |       ||     4
       Kick              |     3 |       ||     3
       Peck              |     2 |       ||     2
 Cast: Shock             |    66 |     6 ||    72
       Static Discharge  |       |     1 ||     1
 Stab: Sleeping          |     1 |       ||     1
Armor: Robe              |     8 |     2 ||    10
Dodge: Dodged            |    26 |    13 ||    39
